AoeStats
← [GG] Shevchenko 7

Arena

510234246Analyzed
2v2 RM · 3d ago on Sep 30, 2026· 36m 3s· 4 players
Game mode
Random Map
Map size
Medium (4 player)
Population
200
Speed
Normal
Resources
Standard
Victory
Conquest
Starting age
Dark Age
Ending age
Imperial Age
RankedLock teamsTeams togetherTeam positionsShared explorationLock speedFull tech treeHidden civsTurbo modeCheats
Victory
Defeat
🇧🇷 Malians · Brazil
1016
+16
🇧🇷 Teutons · Brazil
990
+17
🇺🇸 Mongols · United States
1024
-17
🇺🇸 Burgundians · United States
1004
-16
[GG] Shevchenko 7
8:25 Loom
10:23 Feudal Age
11:55 Town Watch
16:36 Castle Age
15:24 Double-Bit Axe
22:18 Fervor
25:18 Fletching
30:56 Imperial Age
28:58 Padded Archer Armor
28:49 Elite Skirmisher
30:36 Leather Archer Armor
31:32 Wheelbarrow
32:01 Ballistics
32:07 Bodkin Arrow
34:14 Bloodlines
36:53 Ring Archer Armor
36:29 Scale Barding Armor
36:35 Forging
[GG] Trezeguet
10:13 Feudal Age
10:39 Loom
15:34 Castle Age
26:40 Forging
26:31 Scale Mail Armor
26:27 Gold Mining
26:29 Stone Mining
26:23 Horse Collar
26:31 Double-Bit Axe
27:53 Bloodlines
27:03 Light Cavalry
27:44 Husbandry
30:05 Heavy Plow
30:46 Gold Shaft Mining
30:49 Stone Shaft Mining
35:51 Murder Holes
CoCoBudda42
11:41 Feudal Age
12:55 Double-Bit Axe
15:46 Castle Age
13:33 Horse Collar
22:27 Gold Mining
23:34 Fletching
24:20 Bodkin Arrow
27:17 Ballistics
28:01 Bow Saw
27:56 Heavy Plow
28:34 Wheelbarrow
29:41 Nomads
35:54 Imperial Age
Diesel_Dab
6:49 Double-Bit Axe
13:40 Feudal Age
15:29 Bow Saw
17:53 Castle Age
16:07 Gold Mining
16:00 Horse Collar
18:25 Pikeman
19:06 Squires
22:31 Husbandry
Connection lost

Rejoining the realm…

Still unreachable

The connection could not be restored.

Session expired

The server has moved on; the page needs a fresh start.